 Dungeon Crawl Stone Soup version 0.26.0-57-g60708a5e39 (webtiles) character file.

Game seed: 16639810754217698656

3029 Descartes the Zephyrmancer (level 9, -8/45 HPs)
             Began as a Tengu Air Elementalist on Feb 1, 2021.
             Was a Follower of Vehumet.
             Mangled by an orc warrior
             ... wielding a +0 halberd
              (22 damage)
             ... on level 7 of the Dungeon.
             The game lasted 00:24:31 (9749 turns).

Descartes the Zephyrmancer (Tengu Air Elementalist) Turns: 9749, Time: 00:24:32

Health: -8/45      AC:  6    Str:  9    XL:     9   Next: 86%
Magic:  9/17       EV: 17    Int: 21    God:    Vehumet [*.....]
Gold:   165        SH:  0    Dex: 14    Spells: 4/18 levels left

rFire    . . .     SeeInvis .   C - +1 short sword (speed)
rCold    + . .     Faith    .   (no shield)
rNeg     . . .     Spirit   .   D - +2 leather armour {rC+}
rPois    .         Reflect  .   f - +0 hat
rElec    .         Harm     .   (no cloak)
rCorr    .         Rampage  .   I - +0 pair of gloves
Will     .....                  (boots unavailable)
Stlth    ++........             (no amulet)
HPRegen  0.15/turn              (no ring)
MPRegen  0.15/turn              (no ring)

@: flying quickly and evasively, quick
A: beak, talons 3, clever 1, MP-powered wands, able to fly
a: Stop Flying, Renounce Religion


You were on level 7 of the Dungeon.
You worshipped Vehumet.
Vehumet was aware of your devotion.
You visited 2 branches of the dungeon, and saw 8 of its levels.

You collected 424 gold pieces.
You spent 259 gold pieces at shops.

Inventory:

Hand Weapons
 s - a +0 long sword
 t - a +3 vorpal mace
 C - a +1 short sword of speed (weapon)
Missiles
 b - a throwing net
 c - 130 stones
 d - 74 arrows
 e - 66 poisoned darts (quivered)
 l - 8 javelins
 n - 49 sling bullets
 B - 21 bolts
 E - 5 boomerangs
Armour
 f - a +0 hat (worn)
 o - a +0 kite shield
 D - a +2 leather armour of cold resistance (worn)
 I - a +0 pair of gloves (worn)
Jewellery
 q - an uncursed ring of ice
Wands
 x - a wand of random effects (12)
Scrolls
 g - 2 scrolls of fear
 h - a scroll of amnesia {unknown}
 i - 3 scrolls of remove curse
 p - 6 scrolls of identify
 r - 5 scrolls of teleportation
 u - 2 scrolls of magic mapping
 y - a scroll of enchant armour {unknown}
 G - a scroll of summoning {unknown}
 H - a scroll of noise {unknown}
Potions
 a - 3 potions of heal wounds
 j - 2 potions of invisibility
 k - a potion of mutation
 m - 4 potions of haste
 v - 3 potions of curing
 w - a potion of brilliance
 z - 2 potions of attraction
 A - a potion of might {unknown}
 F - a potion of berserk rage {unknown}


   Skills:
 - Level 5.0 Dodging
 - Level 2.0 Stealth
 * Level 7.4 Shields
 - Level 5.0 Spellcasting
 + Level 8.3 Conjurations
 + Level 9.2 Air Magic


You had 4 spell levels left.
You knew the following spells:

 Your Spells              Type           Power        Failure   Level
a - Shock                 Conj/Air       100%         1%          1
b - Airstrike             Air            21%          3%          4
c - Static Discharge      Conj/Air       42%          1%          3
d - Lightning Bolt        Conj/Air       21%          12%         5
e - Foxfire               Conj/Fire      88%          2%          1

Your spell library contained the following spells:

 Spells                   Type           Power        Failure   Level
 Swiftness                Air            43%          1%          2
 Dazzling Flash           Conj/Hex       44%          9%          3
 Corona                   Hex            5%           16%         1
 Ensorcelled Hibernation  Hex/Ice        10%          22%         2
 Confusing Touch          Hex            5%           41%         3
 Gell's Gravitas          Tloc           2%           41%         3
 Tukima's Dance           Hex            5%           41%         3
 Petrify                  Tmut/Erth      5%           83%         4
 Metabolic Englaciation   Hex/Ice        2%           99%         5
 Yara's Violent Unravell  Hex/Tmut       2%           99%         5


Dungeon Overview and Level Annotations

Branches:
Dungeon (7/15)             Temple (1/1) D:5

Altars:
Ashenzari
Cheibriados
Dithmenos
Elyvilon
Fedhas
Gozag
Hepliaklqana
Kikubaaqudgha
Makhleb
Nemelex Xobeh
Okawaru
Qazlal
Ru
Sif Muna
Trog
Uskayaw
Vehumet
Wu Jian
Xom
Yredelemnul
Zin
The Shining One

Shops:
D:4 ?!=


Innate Abilities, Weirdness & Mutations

You have a beak for a mouth.
You have claws for feet.
You can fly continuously.
Your mind is acute. (Int +2)
You expend magic power (3 MP) to strengthen your wands.


Message History

Aim: an orc warrior, wielding a +0 halberd and wearing a +0 chain mail (severely wounded, 29% to evade)
The zap hits the orc.
The orc is lightly wounded.
The zap misses the orc warrior.
The zap hits the phantom.
The phantom is lightly damaged.
The orc warrior barely misses you.
The orc zaps a wand.
The puff of flame hits you.
Casting: Shock (safe; 1% risk of failure)
Confirm with . or Enter, or press ? or * to list all spells.
Aiming: Shock (safe; 1% risk of failure)
Press: ? - help, Shift-Dir - straight line, f/p - orc warrior
Aim: an orc warrior, wielding a +0 halberd and wearing a +0 chain mail (severely wounded, 29% to evade)
The zap hits the orc.
The orc is heavily wounded.
The zap hits the orc warrior.
The orc warrior is almost dead.
The zap hits the phantom!
The phantom is moderately damaged.
The orc warrior hits you from afar with a +0 halberd!!
You die...

#############
#...........#
#...........#########.#
#...........'..@ooW...#
#...........#####hS..Z#
######'###### .....
#### #.# .... ...# #.#
... ...# #.# ### ##
...# #.# #.. ...# #.#
#.# ...# #.# #.#


You could see a phantom, an orc warrior, a hound, an adder, an orc and a quokka
zombie.

Vanquished Creatures
  Grinder (D:5)
  Duvessa (D:5)
  2 ice beasts (D:5)
  An orc warrior (D:7)
  2 black bears
  4 phantoms
  4 ogres
  2 bullfrogs
  Dowan (D:5)
  A wyvern skeleton (D:6)
  3 scorpions
  A howler monkey (D:5)
  4 jellies
  2 bullfrog zombies
  A quasit (D:6)
  A hound (D:7)
  6 orc wizards
  A bullfrog skeleton (D:4)
  2 orc priests
  2 centaur skeletons
  Terence (D:3)
  2 iguanas
  Natasha (thrice) (D:2)
  5 worker ants
  2 hound zombies (D:6)
  2 hound skeletons
  A howler monkey zombie (D:5)
  3 gnolls (D:5)
  10 adders
  A white imp (D:5)
  An ooze (D:4)
  5 worms
  4 dart slugs
  10 leopard geckos
  20 orcs
  6 giant cockroaches
  10 goblins
  4 hobgoblins
  6 jackals
  3 quokkas
  3 ball pythons
  5 bats
  7 frilled lizards
  A jackal skeleton (D:5)
  6 kobolds
  12 rats
175 creatures vanquished.

Notes
Turn   | Place    | Note
-------+----------+-------------------------------------------
     0 | D:1      | Descartes the Tengu Air Elementalist began the quest for
                  | the Orb.
     0 | D:1      | Reached XP level 1. HP: 10/10 MP: 4/4
   159 | D:1      | Reached XP level 2. HP: 13/15 MP: 4/6
   908 | D:1      | Reached XP level 3. HP: 19/19 MP: 5/7
  1217 | D:2      | Noticed Natasha
  1223 | D:2      | Killed Natasha
  1224 | D:2      | Reached XP level 4. HP: 24/24 MP: 2/9
  1420 | D:2      | Gained mutation: Your mind is acute. (Int +2) [potion of
                  | mutation]
  1420 | D:2      | Gained mutation: You expend magic power (3 MP) to
                  | strengthen your wands. [potion of mutation]
  1849 | D:2      | Reached skill level 5 in Air Magic
  1849 | D:2      | Gained mutation: You can fly continuously. [Tengu growth]
  1849 | D:2      | Reached XP level 5. HP: 28/28 MP: 4/10
  1988 | D:2      | Noticed Natasha
  1997 | D:2      | Killed Natasha
  2373 | D:2      | Noticed Natasha
  2376 | D:2      | Killed Natasha
  3272 | D:3      | Noticed Terence
  3279 | D:3      | Killed Terence
  3280 | D:3      | Reached XP level 6. HP: 31/32 MP: 5/12
  3780 | D:3      | Reached skill level 1 in Shields
  3922 | D:3      | Found a sparkling altar of Nemelex Xobeh.
  3931 | D:3      | Reached skill level 6 in Air Magic
  4104 | D:4      | Reached XP level 7. HP: 36/36 MP: 7/13
  4179 | D:4      | Found Dodinesm's Magic Scroll Shoppe.
  4305 | D:4      | Bought a scroll of teleportation for 42 gold pieces
  4305 | D:4      | Bought a scroll of fear for 49 gold pieces
  4305 | D:4      | Bought a scroll of identify for 28 gold pieces
  4305 | D:4      | Bought a scroll of identify for 28 gold pieces
  4305 | D:4      | Bought a scroll of identify for 28 gold pieces
  4407 | D:4      | Reached skill level 5 in Conjurations
  4691 | D:4      | Learned a level 4 spell: Airstrike
  5232 | D:4      | Reached XP level 8. HP: 38/41 MP: 13/15
  5363 | D:4      | Reached skill level 7 in Air Magic
  5574 | D:4      | Found Opry's Distillery.
  5611 | D:4      | Bought a potion of attraction for 42 gold pieces
  5611 | D:4      | Bought a potion of curing for 42 gold pieces
  5622 | D:4      | Found Wephain's Jewellery Boutique.
  5723 | D:5      | Entered Level 5 of the Dungeon
  5910 | D:5      | Found a staircase to the Ecumenical Temple.
  5922 | Temple   | Entered the Ecumenical Temple
  6209 | Temple   | Became a worshipper of Vehumet
  6360 | D:5      | Noticed Duvessa
  6362 | D:5      | Noticed Dowan
  6371 | D:5      | Killed Duvessa
  6371 | D:5      | Killed Dowan
  6372 | D:5      | Reached skill level 5 in Dodging
  6556 | D:5      | Noticed Grinder
  6727 | D:5      | Paralysed by Grinder for 5 turns
  6737 | D:5      | Killed Grinder
  6889 | D:5      | Reached skill level 5 in Shields
  6889 | D:5      | Reached skill level 5 in Spellcasting
  6889 | D:5      | Reached XP level 9. HP: 45/45 MP: 8/17
  7305 | D:5      | Learned a level 3 spell: Static Discharge
  7313 | D:5      | Reached skill level 8 in Air Magic
  7861 | D:5      | Learned a level 5 spell: Lightning Bolt
  8491 | D:6      | Reached * piety under Vehumet
  8491 | D:6      | Offered knowledge of Foxfire by Vehumet.
  9455 | D:7      | Reached skill level 9 in Air Magic
  9649 | D:7      | Learned a level 1 spell: Foxfire
  9749 | D:7      | Mangled by an orc warrior

Illustrated notes

Levels and vault maps discovered:
D:1:      dpeg_arrival_chambers_temple_mockup, layout_rooms
D:2:      layout_basic, minmay_3d_cube, uniq_natasha
D:3:      layout_loops_ring, nemelex_xobeh_ov_fountains_minmay,
          kennysheep_potato, uniq_terence
D:4:      cheibrodos_pilgrimage, layout_basic, serial_shops,
          kennysheep_little_box, shop_fountains, shop, minmay_misc_feat_columns,
          minmay_starry_boxes
D:5:      layout_basic, minmay_temple_entry_butterflies, minmay_misc_feat_iff,
          uniq_duvessa, uniq_grinder
D:6:      layout_cave_pods
D:7:      layout_basic, minmay_alternating_orb
Temple:   regret_index_temple_sigil_plot

Skill      XL: |  1  2  3  4  5  6  7  8  9 |
---------------+----------------------------+-----
Conjurations   | 2 3 4 5 6 8 |  8.3
Air Magic      | 5 6 7 9 |  9.2
Spellcasting   | 3 4 5 |  5.0
Dodging        | 3 4 5 |  5.0
Shields        | 1 2 5 7 |  7.4
Stealth        | |  2.0

Action                   |  1- 3 |  4- 6 |  7- 9 || total
-------------------------+-------+-------+-------++-------
Melee: Unarmed           |    18 |       |       ||    18
       Kick              |     5 |       |     4 ||     9
       Peck              |     2 |       |     1 ||     3
       Dagger            |       |     5 |    12 ||    17
       Mace              |       |       |     3 ||     3
       Short sword       |       |       |     2 ||     2
 Cast: Shock             |    50 |   150 |   396 ||   596
       Airstrike         |       |       |     2 ||     2
 Abil: Fly               |       |     1 |       ||     1
  Use: Potion            |       |     2 |       ||     2
       Scroll            |       |     6 |     2 ||     8
Armor: Robe              |     1 |       |       ||     1
       Leather armour    |       |     6 |    12 ||    18
Dodge: Dodged            |    15 |    23 |    68 ||   106
